 Dungeon Crawl Stone Soup version 0.31-a0-188-g5e087ee2ca (webtiles) character file.

Game seed: 8886398547152842428

1737 qw the Skirmisher (level 8, -2/46 HPs)
             Began as a Deep Elf Hunter on June 22, 2023.
             Slain by a vampire (18 damage)
             ... on level 6 of the Dungeon.
             The game lasted 00:02:26 (5771 turns).

qw the Skirmisher (Deep Elf Hunter)                 Turns: 5771, Time: 00:02:27

Health: -2/46      AC:  8    Str: 10    XL:     8   Next: 76%
Magic:  1/1        EV: 12    Int: 15    God:
Gold:   929        SH:  5    Dex: 18    Spells: 7/7 levels left

rFire   . . .        Y - +0 shortbow (chaos)
rCold   . . .        (shield currently unavailable)
rNeg    . . .        f - +0 ring mail
rPois   +            (no helmet)
rElec   +            c - scarf of Uskayaw's Wrath {repulsion, rElec rPois Regen+ MP-9}
rCorr   .            (no gloves)
SInv    +            m - +2 pair of boots
Will    .....        i - amulet of reflection
Stlth   +            d - ring of see invisible
HPRegen 1.07/turn    (no ring)
MPRegen 0.07/turn

%: repel missiles, reflection
@: no status effects
A: no striking features
a: no special abilities


You were on level 6 of the Dungeon.
You visited 1 branch of the dungeon, and saw 6 of its levels.
You also visited: Sewer.

You collected 929 gold pieces.


   Skills:
 - Level 3.0 Fighting
 + Level 13.9 Ranged Weapons
 - Level 1.6 Armour
 - Level 4.2 Dodging
 - Level 1.2 Stealth


You had 7 spell levels left.
You didn't know any spells.
Your spell library was empty.

Inventory:

Hand Weapons
 Y - a +0 shortbow of chaos (weapon)
Armour
 c - the scarf of Uskayaw's Wrath (worn) {repulsion, rElec rPois Regen+ MP-9}
   (You found it on level 6 of the Dungeon)

   rElec:     It insulates you from electricity.
   rPois:     It protects you from poison.
   MP:        It affects your magic capacity (-9).
   Regen:     It increases your rate of health regeneration.
 f - a +0 ring mail (worn)
 m - a +2 pair of boots (worn)
Jewellery
 d - a ring of see invisible (left hand)
 i - an amulet of reflection (around neck)
 k - a ring of ice
Scrolls
 b - a scroll of identify
Potions
 a - 5 potions of enlightenment
 e - 2 potions of mutation
 g - a potion of degeneration {unknown}
 j - a potion of haste {unknown}

Dungeon Overview and Level Annotations

Branches:
Dungeon (6/15)              Sewer (visited)
 Temple: D:4-7

Altars:
Dithmenos
Gozag
Nemelex Xobeh
Vehumet
Wu Jian


Message History

Enter note:
Enter note: You shoot an arrow.
The arrow hits the vampire but does no damage.
The vampire seems to grow stronger.
You shoot an arrow. The arrow barely misses the vampire.
You shoot an arrow.
The arrow hits the vampire but does no damage.
Nothing appears to happen.
You shoot an arrow. The arrow barely misses the vampire.
The vampire mumbles some strange words.
The vampire flickers and vanishes for a moment.
You shoot an arrow. The arrow hits the vampire.
The vampire is lightly damaged.
You shoot an arrow.
The arrow hits the vampire but does no damage.
The vampire is lightly damaged.
The vampire points at you and mumbles some strange words.
You resist with some effort.
You shoot an arrow. The arrow barely misses the vampire.
You shoot an arrow. The arrow barely misses the vampire.
You shoot an arrow.
The arrow hits the vampire but does no damage.
The vampire is lightly damaged.
You shoot an arrow. The arrow closely misses the vampire.
You shoot an arrow.
The arrow hits the vampire but does no damage.
Space warps around the vampire.
The vampire is lightly damaged.
The vampire hits you but does no damage.
The vampire bites you!
The vampire draws strength from your injuries!
You shoot an arrow. The arrow hits the vampire.
The arrow burns the vampire.
The vampire is lightly damaged.
The vampire misses you. The vampire bites you!
The vampire draws strength from your injuries!
You shoot an arrow. The arrow hits the vampire.
The vampire convulses.
The vampire is lightly damaged.
The vampire hits you! The vampire bites you!!
You die...

# . #...#.....#
#..
###...######..
##...##......#
...
y#.....!.....#
..
##...####...##
#... ####...##
.. #.......# #
#.......# .#
+#####@## ##
.......V......#
..............#
..............#
..............#
..............#
+#######......#
......#


You could see a vampire (strong, invisible).

Vanquished Creatures
  A fire bat (D:4)
  A steam dragon (D:6)
  2 ice beasts
  A black bear (D:4)
  A phantom (D:6)
  A bullfrog (D:6)
  5 scorpions
  2 jellies
  3 gnoll boudas (D:5)
  A hound (D:5)
  3 iguanas
  2 sleepcaps (D:5)
  Ijyb (D:4)
  8 gnolls (D:5)
  8 adders
  2 river rats (Sewer)
  A white imp (D:6)
  2 ufetubi (D:5)
  4 worms
  4 dart slugs (D:1)
  12 orcs
  10 ball pythons
  9 endoplasms
  4 giant cockroaches
  7 goblins
  7 hobgoblins
  15 jackals
  4 quokkas
  9 bats
  6 frilled lizards
  11 kobolds
  6 rats
153 creatures vanquished.

Vanquished Creatures (collateral kills)
  A kobold brigand (D:6)
  An adder (D:6)
  A kobold (D:6)
3 creatures vanquished.

Grand Total: 156 creatures vanquished

Notes
Turn   | Place    | Note
-------+----------+-------------------------------------------
     0 | D:1      | qw the Deep Elf Hunter began the quest for the Orb.
     0 | D:1      | Reached XP level 1. HP: 12/12 MP: 3/3
     0 | D:1      | 0 ||| qw: Version: 0.3-a-9-g12657ce
     0 | D:1      | 0 ||| qw: Game counter: 2868
     0 | D:1      | 0 ||| qw: Always use a shield: true
     0 | D:1      | 0 ||| qw: God list: Okawaru
     0 | D:1      | 0 ||| qw: Allow faded altars: false
     0 | D:1      | 0 ||| qw: Do Orc after D:15 true
     0 | D:1      | 0 ||| qw: Do second Lair branch before Depths: true
     0 | D:1      | 0 ||| qw: Lair rune preference: random
     0 | D:1      | 0 ||| qw: Plans: Normal
     0 | D:1      | 0 ||| PLANNING D:1-11
   115 | D:1      | Reached skill level 6 in Ranged Weapons
   115 | D:1      | Reached XP level 2. HP: 16/16 MP: 4/4
   376 | D:1      | 376 ||| FLEEEEING.
   377 | D:1      | 377 ||| FLEEEEING.
   378 | D:1      | 378 ||| FLEEEEING.
   379 | D:1      | 379 ||| FLEEEEING.
   382 | D:1      | Reached XP level 3. HP: 19/20 MP: 5/5
   733 | D:1      | 733 ||| UPGRADING to +0 ring mail.
   743 | D:1      | 743 ||| DROPPING +0 leather armour.
   744 | D:1      | 744 ||| UPGRADING to amulet of reflection.
   749 | D:1      | 749 ||| READING scroll labelled DOUTHI WEMAU.
   750 | D:1      | 750 ||| READING 3 scrolls labelled RAILEPT LYNIG.
   755 | D:1      | 755 ||| DROPPING scroll of butterflies.
   836 | D:2      | Reached skill level 7 in Ranged Weapons
  1154 | D:2      | 1154 ||| UPGRADING to +0 pair of boots.
  1159 | D:2      | 1159 ||| UPGRADING to ring of see invisible.
  1160 | D:2      | 1160 ||| READING 2 scrolls labelled FETEUN ORETH.
  1161 | D:2      | 1161 ||| READING scroll of enchant armour.
  1161 | D:2      | 1161 ||| ENCHANTING +0 pair of boots.
  1162 | D:2      | 1162 ||| READING scroll labelled QIPSUCH CAOGIU.
  1163 | D:2      | 1163 ||| DRINKING 2 green potions.
  1164 | D:2      | 1164 ||| DRINKING 3 clear potions.
  1177 | D:3      | 1177 ||| PLANNING SEWER
  1275 | D:3      | Found a radiant altar of Vehumet.
  1323 | D:3      | Found a glowing drain.
  1324 | D:3      | 1324 ||| READING scroll labelled TUGGAFROKAMN.
  1337 | D:3      | Reached XP level 4. HP: 25/25 MP: 6/6
  1343 | Sewer    | Entered a sewer
  1428 | Sewer    | 1428 ||| Stepping ~*~*~tactically~*~*~ (water).
  1470 | Sewer    | 1470 ||| Stepping ~*~*~tactically~*~*~ (water).
  1490 | Sewer    | 1490 ||| Stepping ~*~*~tactically~*~*~ (water).
  1598 | Sewer    | Reached skill level 8 in Ranged Weapons
  1666 | Sewer    | HP: 6/25 [poisoned by an adder]
  1667 | Sewer    | 1667 ||| READING 2 scrolls of teleportation.
  1668 | Sewer    | 1668 ||| DRINKING 2 potions of heal wounds.
  1691 | Sewer    | 1691 ||| Stepping ~*~*~tactically~*~*~ (water).
  1693 | Sewer    | 1693 ||| Stepping ~*~*~tactically~*~*~ (water).
  1695 | Sewer    | 1695 ||| Stepping ~*~*~tactically~*~*~ (water).
  1788 | Sewer    | Reached XP level 5. HP: 19/29 MP: 7/7
  2016 | Sewer    | 2016 ||| READING scroll labelled HOUDYU DIRED.
  2068 | Sewer    | 2068 ||| READING scroll labelled GAUSHECRALIO.
  2069 | Sewer    | 2069 ||| READING scroll labelled NIAN OV FEGOTU.
  2070 | Sewer    | 2070 ||| READING scroll labelled HUBUIRR DYONUR.
  2071 | Sewer    | 2071 ||| READING 2 scrolls of identify.
  2071 | Sewer    | 2071 ||| IDENTIFYING emerald potion
  2072 | Sewer    | 2072 ||| DROPPING potion of lignification.
  2073 | Sewer    | 2073 ||| DROPPING scroll of noise.
  2096 | D:3      | 2096 ||| PLANNING D:1-11
  2361 | D:3      | Found an ornate altar of the Wu Jian Council.
  2662 | D:4      | Reached skill level 9 in Ranged Weapons
  2707 | D:4      | Reached XP level 6. HP: 35/35 MP: 8/8
  2775 | D:4      | Noticed Ijyb
  2777 | D:4      | Killed Ijyb
  3049 | D:4      | an orc wizard changed into a fire bat
  3049 | D:4      | Noticed a fire bat
  3057 | D:4      | HP: 7/35 [fire bat (8)]
  3058 | D:4      | 3058 ||| READING scroll of teleportation.
  3059 | D:4      | 3059 ||| DRINKING potion of heal wounds.
  3263 | D:4      | Killed a fire bat
  3264 | D:4      | Reached skill level 10 in Ranged Weapons
  3390 | D:4      | 3390 ||| DROPPING +6 ring of intelligence.
  3391 | D:4      | 3391 ||| READING scroll labelled FYBEUH ORUPUXU.
  3391 | D:4      | Identified a scroll of acquirement
  3391 | D:4      | 3391 ||| ACQUIRING 530 gold pieces
  3391 | D:4      | Acquired 530 gold pieces
  3393 | D:4      | 3393 ||| READING scroll labelled EFIEKA XORINYL.
  3394 | D:4      | 3394 ||| READING scroll labelled YNEBAS GYMO.
  3395 | D:4      | 3395 ||| READING 2 scrolls of identify.
  3395 | D:4      | 3395 ||| IDENTIFYING sedimented clear potion
  3396 | D:4      | 3396 ||| DROPPING potion of berserk rage.
  3408 | D:5      | Entered Level 5 of the Dungeon
  3412 | D:5      | 3412 ||| STAIRDANCE
  3419 | D:4      | Reached skill level 3 in Dodging
  3419 | D:4      | Reached XP level 7. HP: 16/40 MP: 9/9
  3526 | D:5      | Reached skill level 1 in Armour
  3558 | D:5      | Found an opulent altar of Gozag.
  3742 | D:5      | 3742 ||| FLEEEEING.
  3743 | D:5      | 3743 ||| FLEEEEING.
  3750 | D:5      | 3750 ||| FLEEEEING.
  3751 | D:5      | 3751 ||| FLEEEEING.
  3752 | D:5      | 3752 ||| FLEEEEING.
  3758 | D:5      | 3758 ||| FLEEEEING.
  3759 | D:5      | 3759 ||| FLEEEEING.
  3760 | D:5      | 3760 ||| FLEEEEING.
  3761 | D:5      | 3761 ||| FLEEEEING.
  3762 | D:5      | 3762 ||| FLEEEEING.
  3763 | D:5      | 3763 ||| FLEEEEING.
  3764 | D:5      | 3764 ||| FLEEEEING.
  3768 | D:5      | Reached skill level 11 in Ranged Weapons
  3952 | D:5      | Found a shadowy altar of Dithmenos.
  4026 | D:5      | 4026 ||| Stepping ~*~*~tactically~*~*~ (outnumbered).
  4028 | D:5      | 4028 ||| Stepping ~*~*~tactically~*~*~ (outnumbered).
  4039 | D:5      | HP: 8/40 [gnoll bouda/+0 whip (11)]
  4040 | D:5      | 4040 ||| READING scroll of teleportation.
  4237 | D:5      | Reached skill level 12 in Ranged Weapons
  4286 | D:5      | Reached XP level 8. HP: 38/45 MP: 10/10
  4426 | D:5      | 4426 ||| READING scroll of enchant armour.
  4426 | D:5      | 4426 ||| ENCHANTING +1 pair of boots.
  4515 | D:5      | Reached skill level 3 in Fighting
  4925 | D:5      | 4925 ||| READING scroll labelled YLIACW WOR EBB.
  5026 | D:5      | 5026 ||| READING scroll labelled GOMIVUDEMI.
  5027 | D:5      | 5027 ||| DRINKING 2 metallic silvery potions.
  5033 | D:5      | 5033 ||| DRINKING 2 puce potions.
  5034 | D:5      | 5034 ||| DROPPING potion of ambrosia.
  5035 | D:5      | 5035 ||| DROPPING potion of invisibility.
  5325 | D:6      | Identified the scarf of Uskayaw's Wrath {repulsion, rElec
                  | rPois Regen+ MP-9}
  5350 | D:6      | Found a sparkling altar of Nemelex Xobeh.
  5392 | D:6      | Reached skill level 13 in Ranged Weapons
  5415 | D:6      | 5415 ||| FLEEEEING.
  5543 | D:6      | 5543 ||| UPGRADING to scarf of Uskayaw's Wrath {repulsion,
                  | rElec rPois Regen+ MP-9}.
  5549 | D:6      | 5549 ||| DRINKING 2 fizzy cyan potions.
  5748 | D:6      | Noticed a moth of wrath
  5749 | D:6      | 5749 ||| DROPPING potion of magic.
  5771 | D:6      | Slain by a vampire

Levels and vault maps discovered:
D:1:      minmay_arrival_radiant_lines, layout_basic
D:2:      layout_basic
D:3:      layout_basic, nzn_wu_jian_contemplation, mainiacjoe_overflow_paths,
          cheibrodos_sewer_entry_bend
D:4:      layout_loops_ring, uniq_ijyb
D:5:      layout_layer_cave, kennysheep_mini_moat, grunt_gozag_breadcrumbs
D:6:      layout_gridville, tgw_trog, nemelex_diamond_rough_becter

Skill      XL: |  1  2  3  4  5  6  7  8 |
---------------+-------------------------+-----
Ranged Weapons | 6 7 8 9 10 12 13 | 13.9
Fighting       | 2 3 |  3.0
Dodging        | 3 4 |  4.2
Armour         | 1 |  1.6
Stealth        | |  1.2

Action                     |  1- 3 |  4- 6 |  7- 9 || total
---------------------------+-------+-------+-------++-------
   Fire: Shortbow          |   124 |   198 |   213 ||   535
    Use: Scroll            |     6 |    11 |     4 ||    21
         Potion            |     2 |     2 |     3 ||     7
 Armour: Leather armour    |     5 |       |       ||     5
         Ring mail         |     4 |    64 |    22 ||    90
  Dodge: Dodged            |    18 |    63 |    50 ||   131
  Block: Other             |     5 |    30 |    13 ||    48

Table legend:
 A = Non-vault XP
 B = Vault XP
 C = Vault XP percentage of total XP
 D = Non-vault monster count
 E = Vault monster count
 F = Vault count percentage of total count
                 A         B        C        D         E       F
            +---------+---------+-------+---------+---------+-------
      Total |    2317 |     165 |   6.6 |     125 |      32 |  20.4
            +---------+---------+-------+---------+---------+-------
        D:1 |      58 |       0 |   0.0 |      29 |       0 |   0.0
        D:2 |      27 |       0 |   0.0 |      17 |       0 |   0.0
        D:3 |      25 |      11 |  30.6 |       8 |       2 |  20.0
        D:4 |     549 |      36 |   6.2 |      27 |       1 |   3.6
        D:5 |     830 |       0 |   0.0 |      25 |       0 |   0.0
        D:6 |     828 |       0 |   0.0 |      19 |       0 |   0.0
      Sewer |       0 |     118 | 100.0 |       0 |      29 | 100.0
            +---------+---------+-------+---------+---------+-------
